 Dungeon Crawl Stone Soup version 0.23.2-30-g0e89c35 (webtiles) character file.

Game seed: 10784489974710968245

247 Fortress the Firebug (level 5, -2/57 HPs)
             Began as a Draconian Fire Elementalist on June 21, 2019.
             Slain by a gnoll
             ... wielding a +0 club
              (5 damage)
             ... on level 3 of the Dungeon.
             The game lasted 00:10:20 (3432 turns).

Fortress the Firebug (Draconian Fire Elementalist)  Turns: 3432, Time: 00:10:21

Health: -2/57      AC: 22    Str: 10    XL:     5   Next: 85%
Magic:  1/10       EV:  2    Int: 17    God:
Gold:   109        SH:  0    Dex: 11    Spells: 10/11 levels left

rFire    . . .     SeeInvis .   c - +0 dagger
rCold    . . .     Gourm    .   (no shield)
rNeg     + + +     Faith    .   (armour unavailable)
rPois    +         Spirit   .   (helmet currently unavailable)
rElec    .         Reflect  .   (cloak currently unavailable)
rCorr    .         Harm     .   (gloves currently unavailable)
MR       .....     NoTele   +   (boots currently unavailable)
Stlth    ++........             (no amulet)
HPRegen  0.19/turn              (no ring)
MPRegen  0.12/turn              (no ring)

@: tree-form, starving
A: unfitting armour, AC +5
a: no special abilities


You were on level 3 of the Dungeon.
You were starving.
You were a tree.
You visited 1 branch of the dungeon, and saw 3 of its levels.

You collected 109 gold pieces.

Inventory:

Hand Weapons
 c - a +0 dagger (weapon)
 m - a +0 hunting sling
Missiles
 d - 65 stones (quivered)
 n - 19 sling bullets
Scrolls
 a - a scroll of fog {unknown}
 h - a scroll of remove curse {unknown}
 i - a scroll of magic mapping {unknown}
 k - a scroll of blinking {unknown}
 o - a scroll of identify {unknown}
 q - a scroll of enchant armour {unknown}
Potions
 e - a potion of agility {unknown}
 f - a potion of flight {unknown}
 g - a potion of lignification
 j - 2 potions of curing {unknown}
 l - a potion of magic {unknown}
 p - a potion of brilliance {unknown}
 r - a potion of might {unknown}
Comestibles
 b - 6 rations


   Skills:
 - Level 2.0 Dodging
 - Level 2.0 Stealth
 + Level 3.9 Spellcasting
 + Level 3.0 Conjurations
 + Level 4.3 Fire Magic


You had 10 spell levels left.
You knew the following spells:

 Your Spells              Type           Power        Failure   Level  Hunger
a - Flame Tongue          Conj/Fire      ###..        3%          1    None

Your spell library contained the following spells:

 Spells                   Type           Power        Failure   Level  Hunger
 Throw Flame              Conj/Fire      ###...       5%          2    ##.....
 Conjure Flame            Conj/Fire      ###.....     11%         3    ###....
 Inner Flame              Hex/Fire       ##......     21%         3    ###....
 Sticky Flame             Conj/Fire      ###.....     34%         4    ####...
 Fireball                 Conj/Fire      ###.......   69%         5    ######.


Dungeon Overview and Level Annotations

Branches:
Dungeon (3/15)

Altars:

Annotations:
D:3 1 runed translucent door, HaroldFreecs's ghost, amateur MfGl


Innate Abilities, Weirdness & Mutations

((Your plain brown scales are hard. (AC +5)))
You cannot fit into any form of body armour.
((You are cold-blooded and may be slowed by cold attacks.))


Message History

The gnoll hits you but does no damage.
You don't have the energy to cast that spell.
You don't have the energy to cast that spell.
You hit the gnoll.
The gnoll is heavily wounded.
The gnoll hits you but does no damage. x3
The gnoll sergeant hits you but does no damage.
You hit the gnoll but do no damage.
The gnoll is heavily wounded.
The gnoll hits you but does no damage. x3
The gnoll sergeant barely misses you.
You hit the gnoll but do no damage.
The gnoll is heavily wounded.
The gnoll hits you but does no damage. The gnoll barely misses you.
The gnoll hits you but does no damage. x2
You hit the gnoll.
The gnoll is severely wounded.
The gnoll sergeant hits you but does no damage.
The gnoll hits you but does no damage. x2; The gnoll hits you with a +0 club.
You die...

#####.###........#....#.
######.#>.........'......
#......#.#####....#.#####
#.######.# #....#....##
#.# #.# #########.## #.#
#.# #.## #.# #.# #.##
#.######.# #.#
#.......♣######## #.##
#####...gggg....######...
#...gggg.............
#.....g.....#####..##
#...........# ##.#
########gg.## ####.#
#...# #♣W#..# #...#
#8$+..# #...# #♣.#.##


You could see a gnoll sergeant and 10 gnolls.

Vanquished Creatures
  A gnoll shaman (D:3)
  An orc priest (D:3)
  An orc wizard (D:3)
  2 adders
  6 gnolls (D:3)
  An ooze (D:2)
  3 worms
  A dart slug (D:1)
  4 leopard geckos
  An orc (D:3)
  3 ball pythons
  4 giant cockroaches
  8 goblins
  6 hobgoblins
  4 jackals (D:3)
  4 bats
  2 frilled lizards
  7 kobolds
  10 rats
69 creatures vanquished.

Notes
Turn   | Place    | Note
-------+----------+-------------------------------------------
     0 | D:1      | Fortress the Draconian Fire Elementalist began the quest
                  | for the Orb.
     0 | D:1      | Reached XP level 1. HP: 14/14 MP: 3/3
   562 | D:1      | Reached XP level 2. HP: 20/20 MP: 1/5
  1331 | D:2      | Reached XP level 3. HP: 21/26 MP: 1/7
  2116 | D:3      | Reached XP level 4. HP: 22/33 MP: 1/8
  2404 | D:3      | Reached XP level 5. HP: 38/38 MP: 6/10
  2410 | D:3      | Reached skill level 4 in Fire Magic
  2727 | D:3      | Found a runed translucent door.
  2728 | D:3      | Noticed HaroldFreecs's ghost (amateur MfGl)
  3427 | D:3      | HP: 2/57 [gnoll sergeant/+0 trident (2)]
  3432 | D:3      | Slain by a gnoll

Skill      XL: |  1  2  3  4  5 |
---------------+----------------+-----
Dodging        | 2 |  2.0
Stealth        | 2 |  2.0
Spellcasting   | 3 |  3.9
Conjurations   | 2 3 |  3.0
Fire Magic     | 4 |  4.3

Action                   |  1- 3 |  4- 6 || total
-------------------------+-------+-------++-------
Melee: Dagger            |    27 |    24 ||    51
       Tailslap          |       |     3 ||     3
 Cast: Flame Tongue      |    66 |    72 ||   138
  Use: Potion            |       |     1 ||     1
  Eat: Chunk             |     4 |     2 ||     6
Armor: Skin              |    16 |    36 ||    52
Dodge: Dodged            |    46 |    41 ||    87
